 Dungeon Crawl Stone Soup version 0.23.2 (webtiles) character file.

Game seed: 7853408397925462811

6435 Fang the Fighter (level 10, -8/99 HPs)
             Began as a Gargoyle Berserker on Apr 11, 2019.
             Was a High Priest of Trog.
             Mangled by a wyvern (11 damage)
             ... on level 9 of the Dungeon.
             The game lasted 00:13:48 (7673 turns).

Fang the Fighter (Gargoyle Berserker)               Turns: 7673, Time: 00:13:48

Health: -8/99      AC: 17    Str: 29    XL:     10   Next: 99%
Magic:  10/10      EV: 14    Int: 10    God:    Trog [*****.]
Gold:   666        SH:  0    Dex:  9    Spells: 9/9 levels left

rFire    . . .     SeeInvis .   a - +9 war axe
rCold    . . .     Gourm    .   (no shield)
rNeg     + . .     Faith    .   s - +1 ring mail "Nobuth" {rCorr Int+2 Stlth+}
rPois    ∞         Spirit   .   (no helmet)
rElec    +         Reflect  .   y - +1 cloak
rCorr    +         Harm     .   (no gloves)
MR       ++...                  (no boots)
Stlth    ..........             (no amulet)
HPRegen  1.26/turn              x - ring of stealth
MPRegen  0.12/turn              (no ring)

@: berserking, regenerating, very quick
A: negative energy resistance 1, electricity resistance, unbreathing,
petrification resistance, rot immunity, AC +7
a: Berserk, Trog's Hand, Brothers in Arms, Renounce Religion


You were on level 9 of the Dungeon.
You worshipped Trog.
Trog was extremely pleased with you.
You were near starving.

You visited 2 branches of the dungeon, and saw 10 of its levels.
You also visited: Sewer.

You collected 666 gold pieces.

Inventory:

Hand Weapons
 a - a +9 war axe (weapon)
Armour
 b - a +0 plate armour
 s - the +1 ring mail "Nobuth" (worn) {rCorr Int+2 Stlth+}
   (You found it in a sewer)

   It affects your intelligence (+2).
   It provides partial protection from all sources of acid and corrosion.
   It makes you more stealthy.
 y - a +1 cloak (worn)
Jewellery
 x - a ring of stealth (left hand)
Wands
 d - a wand of polymorph (12)
 k - a wand of iceblast (10)
 m - a wand of disintegration (19)
 w - a wand of acid (7)
Scrolls
 g - 2 scrolls of teleportation
 o - 2 scrolls of remove curse
 A - a scroll of enchant weapon
 C - a scroll of blinking
 D - a scroll of magic mapping
Potions
 e - 3 potions of haste
 f - 2 potions of brilliance
 h - 2 potions of magic
 i - 5 potions of flight
 l - a potion of cancellation
 n - a potion of berserk rage
 p - 2 potions of might
 q - a potion of resistance {unknown}
 r - 6 potions of heal wounds
 t - 11 potions of curing
 u - a potion of agility
 v - a potion of mutation {unknown}
 z - a potion of lignification
 B - a potion of ambrosia {unknown}
Comestibles
 c - 19 rations


   Skills:
 + Level 9.5 Fighting
 + Level 8.0 Axes
 + Level 9.3 Armour
 + Level 7.0 Dodging


You had 9 spell levels left.
You didn't know any spells.
Your spell library was empty.

Dungeon Overview and Level Annotations

Branches:
Dungeon (9/15)             Temple (1/1) D:6            Lair (0/6) D:9
    Orc: D:9-12

Altars:
Cheibriados
Elyvilon
Fedhas
Gozag
Hepliaklqana
Kikubaaqudgha
Makhleb
Qazlal
Sif Muna
Trog
Uskayaw
Vehumet
Wu Jian
Xom
Yredelemnul
Zin
The Shining One

Shops:
D:4 }


Innate Abilities, Weirdness & Mutations

You are resistant to torment.
Your stone body is resilient. (AC +7)
You are immune to poison.
You resist negative energy. (rN+)
You are resistant to electric shocks. (rElec)
You can survive without breathing.
You are immune to petrification.
You are immune to rotting.


Message History

You feel the power of Trog in you as your rage grows.
You kill the warg!
Trog accepts your kill.
Your Axes skill increases to level 8!
Your Dodging skill increases to level 7!
The wyvern completely misses you. The warg bites you!
* * * LOW HITPOINT WARNING * * *
The wyvern barely misses you. The warg barely misses you.
You slice the warg!!
You kill the warg!
Trog accepts your kill.
You slice the orc!!
You feel the power of Trog in you as your rage grows.
You kill the orc!
Trog accepts your kill.
Your ring mail "Nobuth" prevents you from hitting the orc wizard.
You hit the wyvern.
The orc wizard hits you but does no damage.
The wyvern bites you!
You die...

##..P....#....
.#......P......
...........$...
......>........
#.............
#..........# #.....).#
.. #...l†).#.# ...
##..o@.##.#
....###...###.#
..............# ..
..............#######..
.......................
.......................
.......................
###########............
#.....†......


You could see a wyvern and an orc wizard.

Vanquished Creatures
  Pikel (D:6)
  A centaur zombie (D:6)
  The ghost of dusk1985 the Chopper, a novice HOMo (D:5)
  The ghost of DwarfTone the Vandal, a novice DsHu (D:4)
  Grinder (D:3)
  Sigmund (D:2)
  A wyvern (D:8)
  2 hungry ghosts (D:8)
  3 wargs (D:9)
  A water moccasin (D:9)
  3 orc warriors
  An ice beast (D:8)
  4 sky beasts
  2 slaves (D:6)
  2 phantoms (D:8)
  6 ogres
  3 centaurs
  2 big kobolds (Sewer)
  6 bullfrogs
  A scorpion (D:4)
  3 crimson imps
  A jelly (D:7)
  5 orc priests
  3 gnoll shamans
  Crazy Yiuf (D:3)
  2 hounds
  7 orc wizards
  2 centaur skeletons
  Jessica (D:3)
  2 bullfrog skeletons
  Terence (D:3)
  5 iguanas
  8 worker ants
  A killer bee zombie (D:5)
  A hound zombie (D:7)
  3 hound skeletons
  Robin (D:2)
  14 gnolls
  10 adders
  3 river rats (Sewer)
  A shadow imp (D:8)
  An ooze (Sewer)
  2 adder zombies (D:6)
  2 worms (D:2)
  3 dart slugs
  6 leopard geckos
  19 orcs
  3 bats
  7 giant cockroaches
  16 goblins
  16 hobgoblins
  3 jackals (D:1)
  25 kobolds
  3 quokkas
  6 ball pythons (Sewer)
  4 frilled lizards (D:2)
  A jackal skeleton (D:6)
  2 quokka skeletons
  28 rats
  A butterfly (D:6)
266 creatures vanquished.

Vanquished Creatures (others)
  An ogre (D:6)
  2 crimson imps (D:6)
  A hound (D:6)
  A hound zombie (D:5)
  An ooze (D:6)
  2 orcs (D:5)
  2 kobolds (D:6)
10 creatures vanquished.

Grand Total: 276 creatures vanquished

Notes
Turn   | Place    | Note
-------+----------+-------------------------------------------
     0 | D:1      | Fang the Gargoyle Berserker began the quest for the Orb.
     0 | D:1      | Reached XP level 1. HP: 14/14 MP: 1/1
   242 | D:1      | Reached XP level 2. HP: 16/19 MP: 2/2
   685 | D:1      | Reached XP level 3. HP: 23/23 MP: 3/3
   845 | D:2      | Noticed Robin
   854 | D:2      | Reached ** piety under Trog
   859 | D:2      | Killed Robin
   985 | D:2      | Reached XP level 4. HP: 28/29 MP: 4/4
  1055 | D:2      | Noticed Sigmund
  1071 | D:2      | Killed Sigmund
  1071 | D:2      | Reached XP level 5. HP: 34/34 MP: 5/5
  1071 | D:2      | Reached XP level 6. HP: 39/39 MP: 6/6
  1537 | D:3      | Found a stormy altar of Qazlal.
  1538 | D:3      | Found a bloodstained altar of Trog.
  1538 | D:3      | Noticed Terence
  1541 | D:3      | Killed Terence
  1565 | D:3      | Found a blossoming altar of Fedhas.
  1565 | D:3      | Found a shimmering altar of Xom.
  1568 | D:3      | Found a glowing drain.
  1578 | Sewer    | Entered a sewer
  1599 | Sewer    | Reached *** piety under Trog
  1841 | Sewer    | Reached skill level 5 in Fighting
  1841 | Sewer    | Reached XP level 7. HP: 37/44 MP: 7/7
  1858 | Sewer    | Got a distressingly furry ring mail
  1911 | Sewer    | Reached **** piety under Trog
  2108 | D:3      | Identified the +1 ring mail "Nobuth" {rCorr Int+2 Stlth+}
                  | (You found it in a sewer)
  2128 | D:3      | Noticed Jessica
  2138 | D:3      | Killed Jessica
  2152 | D:3      | Noticed Grinder
  2163 | D:3      | Killed Grinder
  2163 | D:3      | Reached skill level 5 in Armour
  2179 | D:3      | Found a radiant altar of Vehumet.
  2645 | D:3      | Found a white marble altar of Elyvilon.
  2789 | D:3      | Found a snail-covered altar of Cheibriados.
  2804 | D:3      | Reached XP level 8. HP: 51/51 MP: 8/8
  2830 | D:3      | Found a runed translucent door.
  2831 | D:3      | Noticed Crazy Yiuf
  3051 | D:3      | Killed Crazy Yiuf
  3394 | D:4      | Reached skill level 5 in Axes
  3644 | D:4      | Found a runed translucent door.
  3651 | D:4      | Noticed DwarfTone's ghost (novice DsHu)
  3661 | D:4      | Killed DwarfTone's ghost
  3751 | D:4      | Found Veyklien's Gadget Emporium.
  3819 | D:4      | Found an ancient bone altar of Kikubaaqudgha.
  4137 | D:5      | Entered Level 5 of the Dungeon
  4137 | D:5      | Found a runed translucent door.
  4142 | D:5      | Reached XP level 9. HP: 54/56 MP: 9/9
  4150 | D:5      | Reached skill level 5 in Dodging
  4413 | D:5      | Noticed dusk1985's ghost (novice HOMo)
  4425 | D:5      | Killed dusk1985's ghost
  4974 | D:6      | Noticed Pikel
  4988 | D:6      | Killed Pikel
  4988 | D:6      | Reached XP level 10. HP: 19/64 MP: 10/10
  5417 | D:6      | Found a glowing silver altar of Zin.
  5485 | D:6      | Reached ***** piety under Trog
  5507 | D:6      | Found a staircase to the Ecumenical Temple.
  5722 | Temple   | Entered the Ecumenical Temple
  6286 | D:7      | Found a burning altar of Makhleb.
  7657 | D:9      | Found a staircase to the Lair.
  7672 | D:9      | HP: 2/99 [warg (7)]
  7673 | D:9      | Mangled by a wyvern

Skill      XL: |  1  2  3  4  5  6  7  8  9 10 |
---------------+-------------------------------+-----
Axes           | 3 4 5 6 8 |  8.0
Dodging        | 2 3 4 6 7 |  7.0
Armour         | 3 4 5 6 8 9 |  9.3
Fighting       | 4 5 6 8 9 |  9.5

Action                   |  1- 3 |  4- 6 |  7- 9 | 10-12 || total
-------------------------+-------+-------+-------+-------++-------
Melee: Hand axe          |    92 |       |       |       ||    92
       War axe           |    19 |   136 |   251 |   206 ||   612
Invok: Berserk           |     1 |     2 |     7 |     1 ||    11
       Trog's Hand       |       |       |     2 |     1 ||     3
  Use: Scroll            |       |       |    18 |     5 ||    23
 Stab: Sleeping          |     2 |       |     2 |     5 ||     9
  Eat: Chunk             |     1 |     5 |    15 |    12 ||    33
       Ration            |       |       |     1 |       ||     1
Armor: Animal skin       |    26 |       |       |       ||    26
       Chain mail        |    34 |   114 |    17 |       ||   165
       Ring mail         |       |       |   145 |    87 ||   232
Dodge: Dodged            |    84 |    91 |   226 |   180 ||   581
